 Dungeon Crawl Stone Soup version 0.31.0-12-g77e489cdc1 (webtiles) character file.

Game seed: 13725214698573100930

184 PriceMaster the Firebug (level 5, -1/31 HPs)
             Began as an Octopode Fire Elementalist on Feb 24, 2024.
             Killed from afar by an orc wizard (6 damage)
             ... with a magic dart
             ... on level 3 of the Dungeon.
             The game lasted 00:03:29 (2339 turns).

PriceMaster the Firebug (OpFE)                      Turns: 2339, Time: 00:03:30

Health: -1/31      AC:  1    Str:  7    XL:     5   Next: 64%
Magic:  2/9        EV: 13    Int: 20    God:
Gold:   132        SH:  0    Dex: 12    Spells: 4/10 levels left

rFire   . . .        f - +0 short sword
rCold   . . .        (no shield)
rNeg    . . .        (helmet restricted)
rPois   .            (no amulet)
rElec   .            (no ring)
rCorr   .            (no ring)
SInv    .            (no ring)
Will    +....        (no ring)
Stlth   +++          (no ring)
HPRegen 0.25/turn    (no ring)
MPRegen 0.11/turn    (no ring)
                     (no ring)

%: no passive effects
@: no status effects
A: almost no armour, amphibious, 8 rings, camouflage 1, gelatinous body 1,
(nimble swimmer 1), tentacles, strong-willed 1, wild magic 1
a: no special abilities


You were on level 3 of the Dungeon.
You visited 1 branch of the dungeon, and saw 3 of its levels.

You collected 132 gold pieces.

Inventory:

Hand Weapons
 f - a +0 short sword (weapon)
Jewellery
 k - an amulet of reflection
Scrolls
 b - 2 scrolls of revelation {unknown}
 d - 3 scrolls of identify {unknown}
 l - 2 scrolls of teleportation {unknown}
 m - a scroll of enchant weapon {unknown}
Potions
 a - a potion of magic
 c - a potion of curing {unknown}
 e - a potion of enlightenment {unknown}
 h - a potion of haste
 i - a potion of mutation


   Skills:
 + Level 0.2 Fighting
 + Level 1.4 Short Blades
 + Level 2.2 Dodging
 + Level 3.4 Stealth
 + Level 0.8 Unarmed Combat
 + Level 3.2 Spellcasting
 + Level 1.7 Conjurations
 + Level 0.2 Hexes
 + Level 4.1 Fire Magic


You had 4 spell levels left.
You knew the following spells:

 Your Spells              Type           Power      Damage    Failure   Level
a - Foxfire               Conj/Fire      76%        2x1d7     7%          1
b - Scorch                Fire           50%        2d7       6%          2
c - Inner Flame           Hex/Fire       15%        N/A       24%         3

Your spell library contained the following spells:

 Spells                   Type           Power      Damage    Failure   Level
 Volatile Blastmotes      Fire/Tloc      30%        2d12      26%         3
 Flame Wave               Conj/Fire      19%        2d7       47%         4


Dungeon Overview and Level Annotations

Branches:
Dungeon (3/15)

Altars:
Xom

Shops:
D:1 [


Innate Abilities, Weirdness & Mutations

You cannot wear most types of armour.
You are amphibious.
You can wear up to eight rings at the same time.
Your skin changes colour to match your surroundings (Stealth+).
Your rubbery body absorbs attacks. (AC +1, EV +1)
((You are camouflaged when in or above water. (Stealth+)))
You have tentacles for arms and can constrict up to eight enemies at once.
You are strong-willed. (Will+)
Your spells are a little harder to cast, but a little more powerful.


Message History

Casting: Scorch (safe; 3% risk of failure)
Confirm with . or Enter, or press ? or * to list all spells.
You don't know that spell.
Unknown command.
It was a potion of haste.
You feel yourself speed up. Something hits you.
* * * LOW HITPOINT WARNING * * *
Casting: Scorch (safe; 3% risk of failure)
Confirm with . or Enter, or press ? or * to list all spells.
Okay, then.
You closely miss something. You miss something. Something hits you.
* * * LOW HITPOINT WARNING * * *
A magic dart appears from out of thin air!
The magic dart hits something.
It was a potion of mutation.
You feel extremely strange.
You feel strong-willed.
You feel less in control of your magic. Something hits you.
* * * LOW HITPOINT WARNING * * *
It was a potion of cancellation.
Your magical effects are unravelling.
You feel magically purged.
You feel yourself slow down.
It was a potion of heal wounds.
You feel much better.
You hear some strange, mumbled words.
A magic dart appears from out of thin air!
The magic dart hits you!
Casting: Scorch (safe; 6% risk of failure)
Confirm with . or Enter, or press ? or * to list all spells.
You don't know that spell.
You miss something. Your squeeze misses something.
Something completely misses you.
You miss something.
You hear some strange, mumbled words.
A puff of flame appears from out of thin air!
The puff of flame hits you.
* * * LOW HITPOINT WARNING * * *
You hear some strange, mumbled words.
A magic dart appears from out of thin air!
The magic dart hits you.
You die...

######.........###†..##.##
##........###.........
#.......#..........#..
#.#####.######.##..... #.
#.#.#.# #.# .####
#.###.#.#.# ..# #
#.#...#.#.# ###
#.#####.#.# #....@{{#.#
#########P# #.P...PP#
########


There were no monsters in sight!

Vanquished Creatures
  An ogre (D:3)
  A howler monkey (D:3)
  An adder (D:3)
  A dart slug (D:1)
  A ribbon worm (D:2)
  An orc (D:3)
  4 bats
  4 endoplasms
  A giant cockroach (D:2)
  7 goblins
  6 hobgoblins
  6 kobolds
  3 quokkas (D:1)
  3 ball pythons
  3 frilled lizards
  4 rats
47 creatures vanquished.

Vanquished Creatures (others)
  91 foxfires
91 creatures vanquished.

Grand Total: 138 creatures vanquished

Notes
Turn   | Place    | Note
-------+----------+-------------------------------------------
     0 | D:1      | PriceMaster the Octopode Fire Elementalist began the quest
                  | for the Orb.
     0 | D:1      | Reached XP level 1. HP: 11/11 MP: 3/3
   278 | D:1      | Reached XP level 2. HP: 17/17 MP: 0/5
   281 | D:1      | Learned a level 2 spell: Scorch
   574 | D:1      | Found Juafos's Antique Armour Emporium.
   793 | D:1      | Reached XP level 3. HP: 15/21 MP: 6/6
  1048 | D:2      | Found a shimmering altar of Xom.
  1246 | D:2      | You fall into a shaft and drop 1 floor!
  1864 | D:2      | Learned a level 3 spell: Inner Flame
  1888 | D:3      | Reached skill level 1 in Short Blades
  1924 | D:3      | Reached XP level 4. HP: 27/27 MP: 3/7
  2079 | D:3      | Noticed an ogre
  2086 | D:3      | Killed an ogre
  2087 | D:3      | Reached skill level 4 in Fire Magic
  2087 | D:3      | Reached XP level 5. HP: 31/31 MP: 1/9
  2335 | D:3      | Gained mutation: You are strong-willed. (Will+) [potion of
                  | mutation]
  2335 | D:3      | Gained mutation: Your spells are a little harder to cast,
                  | but a little more powerful. [potion of mutation]
  2339 | D:3      | Killed from afar by an orc wizard

Illustrated notes

Levels and vault maps discovered:
D:1:      matt_arrival_spirals, layout_loops_cross, serial_shops,
          nicolae_shop_tiny_real_fake_doors
D:2:      layout_basic, basic_altar
D:3:      layout_loops_cross, amcnicky_altar_gilded, serial_aquarium,
          aquarium_bridge_square [aquarium_subvault_bridge,
          aquarium_subvault_wall, aquarium_subvault_window,
          aquarium_subvault_bridge], aquarium_bridge_long_joined
          [aquarium_subvault_bridge, aquarium_subvault_wall,
          aquarium_subvault_wall, aquarium_subvault_wall,
          aquarium_subvault_window, aquarium_subvault_balcony],
          aquarium_window_2, aquarium_window_1, aquarium_window_1,
          aquarium_view_2c, aquarium_balcony_3a, uniq_ijyb

Skill      XL: |  1  2  3  4 |
---------------+-------------+-----
Stealth        | 3 |  3.4
Short Blades   | 1 |  1.4
Spellcasting   | 3 |  3.2
Fire Magic     | 4 |  4.1
Fighting       | |  0.2
Dodging        | |  2.2
Unarmed Combat | |  0.8
Conjurations   | |  1.7
Hexes          | |  0.2

Action                     |  1- 3 |  4- 6 || total
---------------------------+-------+-------++-------
  Melee: Unarmed           |    13 |       ||    13
         Constrict         |    13 |     1 ||    14
         Tentacles         |     9 |       ||     9
         Short sword       |    27 |    10 ||    37
         Punch             |     1 |       ||     1
   Cast: Foxfire           |    50 |    12 ||    62
         Scorch            |     6 |     1 ||     7
         Inner Flame       |       |     2 ||     2
    Use: Potion            |       |     4 ||     4
 Armour: Skin              |    14 |    17 ||    31
  Dodge: Dodged            |    29 |    10 ||    39
